AoeStats
← mahesh07pc

Arena

509902881Analyzed
1v1 RM · 5d ago on Sep 28, 2026· 23m 43s· 2 players
Game mode
Random Map
Map size
Tiny (2 player)
Population
200
Speed
Normal
Resources
Standard
Victory
Conquest
Starting age
Dark Age
Ending age
Imperial Age
RankedLock teamsTeams togetherTeam positionsShared explorationLock speedFull tech treeHidden civsTurbo modeCheats
Victory
Defeat
🇩🇪 Ethiopians · Germany
987
+37
🇮🇳 Portuguese · India
1000
-51
kingnick8238
1:13 Loom
4:20 Loom
12:21 Feudal Age
13:32 Double-Bit Axe
16:32 Castle Age
16:36 Fletching
16:48 Scale Mail Armor
18:21 Crossbowman
20:22 Forging
mahesh07pc
13:49 Feudal Age
12:05 Loom
17:22 Horse Collar
17:29 Double-Bit Axe
18:51 Man-at-Arms
19:40 Gold Mining
Connection lost

Rejoining the realm…

Still unreachable

The connection could not be restored.

Session expired

The server has moved on; the page needs a fresh start.